 Dungeon Crawl Stone Soup version 0.18.1-50-g88ac8fd (webtiles) character file.

20316 HolyRage the Grappler (level 12, -3/126 HPs)
             Began as a Troll Monk on Sept 20, 2016.
             Was a High Priest of Okawaru.
             Slain by an ice dragon (9 damage)
             ... in an ice cave.
             The game lasted 00:57:31 (12797 turns).

HolyRage the Grappler (Troll Monk)                 Turns: 12797, Time: 00:57:32

Health: -3/126     AC: 11    Str: 22    XL:     12   Next: 44%
Magic:  10/15      EV: 20    Int:  6    God:    Okawaru [*****.]
Gold:   1074       SH:  0    Dex: 16    Spells: 0 memorised, 11 levels left

rFire  x . .     SeeInvis .       - Unarmed
rCold  + . .     Gourm    +     w - +0 steam dragon armour
rNeg   . . .     Faith    .     (no shield)
rPois  .         Spirit   .     (helmet restricted)
rElec  .         Dismiss  .     E - +1 cloak
rCorr  .         Reflect  .     (gloves unavailable)
SustAt .         Harm     .     (boots unavailable)
MR     .....                    B - amulet of magic regeneration
Stlth  +++.......               r - ring of flight
                                f - ring of ice

@: heroism, finesse, not resistant to hostile enchantments, fairly stealthy
A: unfitting armour, claws 3, fast metabolism 3, gourmand, regeneration 2,
shaggy fur 1, tough skin 2
a: Heroism, Finesse, Renounce Religion, Evoke Flight


You were in an ice cave.
You worshipped Okawaru.
Okawaru was extremely pleased with you.
You were full.

You visited 3 branches of the dungeon, and saw 15 of its levels.
You also visited: Ice Cave.

You collected 1074 gold pieces.

Inventory:

Hand Weapons
 t - a +1 giant spiked club
Missiles
 M - 7 javelins of penetration (quivered)
Armour
 w - a +0 steam dragon armour (worn)
 E - a +1 cloak (worn)
Jewellery
 f - a ring of ice (left claw)
 r - a ring of flight (right claw)
 s - an uncursed ring of magical power
 B - an amulet of magic regeneration (around neck)
Wands
 a - a wand of lightning (9/15)
 v - a wand of teleportation (2/9)
 I - a wand of digging (14/24)
 L - a wand of slowing (29/48)
 P - a wand of acid (7/15)
Scrolls
 g - 6 scrolls of remove curse
 h - 2 scrolls of teleportation
 o - a scroll of silence {unknown}
 p - a scroll of enchant weapon
 y - 2 scrolls of fear
 D - 2 scrolls of enchant armour
 G - a scroll of magic mapping
 H - a scroll of blinking {unknown}
 N - a scroll of torment {unknown}
Potions
 c - a potion of resistance
 d - 6 potions of curing
 e - a potion of lignification
 i - a potion of invisibility
 j - a potion of brilliance
 l - a potion of magic
 q - 3 potions of heal wounds
 z - a potion of flight
 A - a potion of mutation {unknown}
 F - a potion of agility {unknown}
 O - a potion of degeneration {unknown}
 Q - a potion of haste {unknown}
 S - a potion of berserk rage {unknown}
Books
 u - the Collected Works on Evil Enchantment
   (You found it on level 5 of the Dungeon)

   Spells                             Type                      Level
   a - Animate Skeleton               Necromancy                   1
   b - Pain                           Necromancy                   1
   c - Confusing Touch                Hexes                        2
   d - Cause Fear                     Hexes                        4
   e - Control Undead                 Necromancy                   4
   f - Yara's Violent Unravelling     Hexes/Transmutation          5
 x - a book of the Dragon

   Spells                             Type                      Level
   a - Flame Tongue                   Conjuration/Fire             1
   b - Cause Fear                     Hexes                        4
   c - Bolt of Fire                   Conjuration/Fire             6
   d - Dragon Form                    Transmutation                7
   e - Dragon's Call                  Summoning                    9
 J - a book of Burglary

   Spells                             Type                      Level
   a - Swiftness                      Charms/Air                   2
   b - Passwall                       Transmutation/Earth          2
   c - Passage of Golubria            Translocation                4
   d - Lee's Rapid Deconstruction     Earth                        5
   e - Darkness                       Hexes                        6
   f - Invisibility                   Hexes                        6
 K - a book of Conjurations

   Spells                             Type                      Level
   a - Magic Dart                     Conjuration                  1
   b - Searing Ray                    Conjuration                  2
   c - Dazzling Spray                 Conjuration/Hexes            3
   d - Fulminant Prism                Conjuration/Hexes            4
   e - Iskenderun's Mystic Blast      Conjuration                  4
   f - Iskenderun's Battlesphere      Conjuration/Charms           5
Comestibles
 b - 7 bread rations
 k - 10 slices of pizza
 m - 4 meat rations
 n - 4 fruits
 C - 3 beef jerkies


   Skills:
 - Level 10.0(15.0) Fighting
 - Level 10.0(15.0) Dodging
 - Level 1.1(6.1) Stealth
 - Level 12.0(17.0) Unarmed Combat
 * Level 6.1 Invocations


You had 11 spell levels left.
You didn't know any spells.

Dungeon Overview and Level Annotations

Branches:
Dungeon (11/15)            Temple (1/1) D:4            Lair (3/8) D:10
    Orc (0/2) D:9
  Swamp: Lair:3-6    Shoals: Lair:3-6     Snake: Lair:3-6    Spider: Lair:3-6

Altars:
Ashenzari
Cheibriados
Dithmenos
Elyvilon
Fedhas
Gozag
Kikubaaqudgha
Makhleb
Nemelex Xobeh
Okawaru
Pakellas
Qazlal
Ru
Sif Muna
Trog
Vehumet
Xom
Yredelemnul
Zin
The Shining One

Portals:
Trove: D:10 (give +4 ice dragon armour)

Annotations:
D:11 Sonja


Innate Abilities, Weirdness & Mutations

You are too large for most types of armour.
You have claws for hands.
Your metabolism is lightning-fast.
You like to eat raw meat.
You heal very quickly.
You are covered in fur (AC +1).
You have very tough skin (AC +2).


Message History

You claw the ice dragon! Your claw misses the ice dragon.
The ice dragon is heavily wounded.
You scratch the ice dragon.
The ice dragon is heavily wounded.
You barely miss the ice dragon.
The ice dragon is heavily wounded.
The ice dragon closely misses you. The ice dragon claws you!
The ice dragon tramples you!
You hold your ground!
The ice dragon bites you. The ice dragon barely misses you.
The ice dragon tramples you!
You hold your ground!
The ice dragon breathes frost at you. The blast of cold hits you! You resist.
* * * LOW HITPOINT WARNING * * *
The ice dragon bites you.
* * * LOW HITPOINT WARNING * * *
The ice dragon closely misses you. The ice dragon completely misses you.
The ice dragon bites you!
* * * LOW HITPOINT WARNING * * *
The ice dragon claws you!
You die...

########
####......#
##......#.....#
#..D##.###..D...
#####D.###
.D.... #...##@#
....$ ##.#....#
$..$= ##..###.##
$$$##..#
####..## ###
####≈#.#
####....##
≈≈≈≈≈≈#
###......##
≈≈≈≈≈ #...######
≈≈≈≈ ..### ##.#
.## ###..#


You could see 2 ice dragons.

Vanquished Creatures
  3 hill giants (D:10)
  A griffon (Lair:2)
  An orc sorcerer (D:10)
  An ugly thing (D:11)
  2 ice statues (IceCv)
  The ghost of Ladykiller69 the Cleaver, a novice FoFi (D:8)
  2 spiny frogs
  A centaur skeleton (D:11)
  A komodo dragon (Lair:1)
  2 two-headed ogres (D:8)
  A troll (D:9)
  The ghost of Duraxyll the Skirmisher, an amateur DsBe of Trog (D:4)
  3 blink frogs (Lair:1)
  A wraith (D:11)
  17 yaks
  3 hippogriffs
  A human (D:7)
  A mottled dragon (D:10)
  6 water moccasins
  17 wargs
  A soldier ant (D:10)
  3 porcupines
  8 orc warriors
  A black bear (D:7)
  4 sky beasts
  19 ice beasts
  An eye of draining (D:10)
  A necrophage (D:8)
  11 ogres
  3 centaurs
  A big kobold (D:8)
  9 giant frogs
  A wyvern skeleton (D:11)
  2 scorpions
  3 killer bees (D:8)
  8 howler monkeys
  A crimson imp (D:7)
  A giant frog zombie (D:11)
  2 centaur zombies
  A quasit (D:5)
  9 hounds
  5 orc priests
  A jelly (D:7)
  Crazy Yiuf (D:7)
  9 iguanas
  4 giant frog skeletons
  7 orc wizards
  9 worker ants
  A killer bee zombie (D:5)
  4 sheep (D:7)
  2 hound zombies
  A hound skeleton (D:9)
  2 worker ant zombies
  Robin (D:3)
  17 gnolls
  A howler monkey skeleton (D:6)
  14 river rats
  15 adders
  A shadow imp (D:8)
  12 white imps (Lair:3)
  An ooze (D:1)
  3 adder zombies
  5 worms
  A dart slug (D:1)
  5 giant geckos
  61 orcs
  10 bats
  12 giant cockroaches
  15 goblins
  13 hobgoblins
  4 jackals (D:11)
  3 quokkas
  A ball python (D:2)
  A ball python skeleton (D:4)
  5 giant newts
  A jackal skeleton (D:6)
  A jackal zombie (D:5)
  14 kobolds
  12 rats
431 creatures vanquished.

Vanquished Creatures (collateral kills)
  A blink frog (Lair:1)
  A hippogriff (Lair:1)
  2 river rats (Lair:1)
4 creatures vanquished.

Vanquished Creatures (others)
  4 fungi
  3 plants
7 creatures vanquished.

Grand Total: 442 creatures vanquished

Notes
Turn   | Place    | Note
--------------------------------------------------------------
     0 | D:1      | HolyRage the Troll Monk began the quest for the Orb.
     0 | D:1      | Reached XP level 1. HP: 22/22 MP: 0/0
    83 | D:1      | Reached XP level 2. HP: 24/29 MP: 1/1
   422 | D:1      | Reached skill level 5 in Unarmed Combat
   425 | D:1      | Reached XP level 3. HP: 36/36 MP: 2/2
   976 | D:2      | Reached XP level 4. HP: 44/44 MP: 3/3
  1035 | D:2      | Found a sacrificial altar of Ru.
  1307 | D:2      | Found a shadowy altar of Dithmenos.
  1374 | D:2      | Reached skill level 6 in Unarmed Combat
  1653 | D:3      | Noticed Robin
  1706 | D:3      | Killed Robin
  1706 | D:3      | Reached XP level 5. HP: 16/50 MP: 4/4
  1897 | D:3      | Noticed a centaur
  1918 | D:3      | Killed a centaur
  1918 | D:3      | Reached skill level 7 in Unarmed Combat
  1943 | D:3      | Found a stormy altar of Qazlal.
  1944 | D:3      | Found a blossoming altar of Fedhas.
  1984 | D:3      | Reached XP level 6. HP: 49/59 MP: 5/5
  2365 | D:4      | Reached skill level 8 in Unarmed Combat
  2601 | D:4      | Reached XP level 7. HP: 43/66 MP: 6/6
  2715 | D:4      | Noticed Duraxyll's ghost (amateur DsBe)
  2731 | D:4      | HP: 1/66 [Duraxyll's ghost (4)]
  2775 | D:4      | Killed Duraxyll's ghost
  2775 | D:4      | Reached skill level 9 in Unarmed Combat
  2910 | D:4      | Found a staircase to the Ecumenical Temple.
  3039 | Temple   | Entered the Ecumenical Temple
  3164 | Temple   | Became a worshipper of Warmaster Okawaru
  3164 | Temple   | Reached * piety under Okawaru
  3164 | Temple   | Reached ** piety under Okawaru
  3421 | D:5      | Entered Level 5 of the Dungeon
  3591 | D:5      | Identified the Collected Works on Evil Enchantment (You found it on level 5 of the Dungeon)
  3618 | D:5      | Found a snail-covered altar of Cheibriados.
  3677 | D:5      | Reached skill level 10 in Unarmed Combat
  3686 | D:5      | Reached XP level 8. HP: 56/74 MP: 7/7
  4516 | D:6      | Reached skill level 11 in Unarmed Combat
  4611 | D:6      | Reached *** piety under Okawaru
  4841 | D:6      | Found a shattered altar of Ashenzari.
  5119 | D:6      | Reached skill level 12 in Unarmed Combat
  5585 | D:7      | Reached XP level 9. HP: 69/80 MP: 8/8
  5729 | D:7      | Noticed Crazy Yiuf
  5735 | D:7      | Killed Crazy Yiuf
  6053 | D:7      | Reached skill level 5 in Dodging
  6091 | D:7      | Noticed a red ugly thing
  6447 | D:8      | Reached **** piety under Okawaru
  6542 | D:8      | Noticed Ladykiller69's ghost (novice FoFi)
  6570 | D:8      | Killed Ladykiller69's ghost
  6770 | D:8      | Reached XP level 10. HP: 88/88 MP: 9/9
  7601 | D:9      | Found a deep blue altar of Sif Muna.
  7603 | D:9      | Found a sparkling altar of Nemelex Xobeh.
  7605 | D:9      | Found a burning altar of Makhleb.
  7877 | D:9      | Found a staircase to the Orcish Mines.
  7984 | D:9      | Found a shadowy altar of Dithmenos.
  8115 | D:10     | Entered Level 10 of the Dungeon
  8115 | D:10     | Noticed a hill giant
  8227 | D:10     | Reached skill level 10 in Dodging
  8349 | D:10     | Noticed a hill giant
  8360 | D:10     | Killed a hill giant
  8360 | D:10     | Reached ***** piety under Okawaru
  8367 | D:10     | Noticed a hill giant
  8376 | D:10     | Killed a hill giant
  8466 | D:10     | Found a staircase to the Lair.
  8526 | D:10     | Killed a hill giant
  8526 | D:10     | Reached skill level 5 in Fighting
  8526 | D:10     | Reached XP level 11. HP: 77/102 MP: 10/10
  8634 | D:10     | Found a portal to a secret trove of treasure.
  8786 | D:10     | Received a gift from Okawaru
  9312 | D:10     | Noticed an orc sorcerer
  9316 | D:10     | Killed an orc sorcerer
  9870 | D:11     | Noticed a hill giant
  9871 | D:11     | Noticed Sonja
 10215 | D:11     | Noticed a red ugly thing
 10237 | D:11     | Killed a red ugly thing
 10455 | D:11     | Found an oddly glowing altar of Pakellas.
 10488 | D:11     | Noticed a white ugly thing
 10617 | Lair:1   | Entered Level 1 of the Lair of Beasts
 10931 | Lair:1   | Received a gift from Okawaru
 11216 | Lair:1   | Reached XP level 12. HP: 126/126 MP: 11/11
 11569 | Lair:2   | Reached skill level 10 in Fighting
 11872 | Lair:2   | Reached skill level 1 in Invocations
 12173 | Lair:3   | Received a gift from Okawaru
 12289 | Lair:3   | Found a frozen archway.
 12326 | IceCv    | Entered an ice cave
 12373 | IceCv    | Reached skill level 5 in Invocations
 12765 | IceCv    | Noticed an ice dragon
 12775 | IceCv    | Noticed an ice dragon
 12797 | IceCv    | HP: 6/126 [ice dragon (7)]
 12797 | IceCv    | Slain by an ice dragon

Skill      XL: |  1  2  3  4  5  6  7  8  9 10 11 12 |
---------------+-------------------------------------+-----
Unarmed Combat | 5 6 7 8 10 12 | 12.0
Dodging        | 3 7 10 | 10.0
Fighting       | 5 9 10 | 10.0
Invocations    | 6 |  6.1
Stealth        | |  1.1

Action                   |  1- 3 |  4- 6 |  7- 9 | 10-12 || total
-------------------------+-------+-------+-------+-------++-------
Melee: Unarmed           |    99 |   162 |   283 |   690 ||  1234
       Punch             |     1 |     7 |    17 |    52 ||    77
Invok: Heroism           |       |       |    12 |    24 ||    36
       Finesse           |       |       |       |     1 ||     1
Evoke: Wand              |       |     2 |     2 |     1 ||     5
  Use: Potion            |       |     1 |       |       ||     1
       Scroll            |       |     7 |     5 |     8 ||    20
 Stab: Sleeping          |     2 |     2 |     2 |     3 ||     9
       Distracted        |       |       |       |     1 ||     1
  Eat: Chunk             |    14 |    14 |    40 |    53 ||   121
Armor: Robe              |    42 |    54 |    46 |       ||   142
       Steam dragon armo |       |       |    13 |   137 ||   150
Dodge: Dodged            |    52 |   111 |   120 |   406 ||   689
